 Dungeon Crawl Stone Soup version 0.19.0 (webtiles) character file.

10 Franakus the Stinger (level 2, 0/17 HPs)
             Began as an Octopode Venom Mage on Nov 1, 2016.
             Slain by a leopard gecko (5 damage)
             ... on level 1 of the Dungeon.
             The game lasted 00:02:48 (230 turns).

Franakus the Stinger (Octopode Venom Mage)           Turns: 230, Time: 00:02:49

Health: 0/17       AC:  1    Str:  7    XL:     2   Next: 20%
Magic:  0/5        EV: 13    Int: 17    God:
Gold:   23         SH:  0    Dex: 12    Spells: 1 memorised, 4 levels left

rFire  . . .     SeeInvis .     d - +0 hunting sling
rCold  . . .     Gourm    .     (no shield)
rNeg   . . .     Faith    .     (helmet restricted)
rPois  .         Spirit   .     (no amulet)
rElec  .         Reflect  .     (no ring)
rCorr  .         Harm     .     (no ring)
MR     .....                    (no ring)
Stlth  +++.......               (no ring)
                                (no ring)
                                (no ring)
                                (no ring)
                                (no ring)

@: very slightly contaminated
A: almost no armour, stealthy swim, amphibious, 8 rings, constrict 8, camouflage
1, gelatinous body 1
a: no special abilities


You were on level 1 of the Dungeon.
You were not hungry.

You visited 1 branch of the dungeon, and saw 1 of its levels.

You collected 23 gold pieces.

Inventory:

Hand Weapons
 c - a +0 short sword
 d - a +0 hunting sling (weapon)
Scrolls
 f - 2 scrolls of enchant weapon {unknown}
Potions
 e - a potion of ambrosia {unknown}
Books
 a - a Young Poisoner's Handbook

   Spells                             Type                      Level
   a - Sting                          Conjuration/Poison           1
   b - Mephitic Cloud                 Conjuration/Poison/Air       3
   c - Olgreb's Toxic Radiance        Poison                       4
   d - Alistair's Intoxication        Transmutation/Poison         5
   e - Venom Bolt                     Conjuration/Poison           5
Comestibles
 b - 2 bread rations


   Skills:
 * Level 0.2 Slings
 + Level 2.2 Dodging
 + Level 2.6 Stealth
 + Level 2.0 Spellcasting
 + Level 0.2 Conjurations
 + Level 5.2 Poison Magic


You had 4 spell levels left.
You knew the following spells:

 Your Spells              Type           Power        Failure   Level  Hunger
a - Sting                 Conj/Pois      ##..         10%         1    #......


Dungeon Overview and Level Annotations

Branches:
Dungeon (1/15)

Altars:


Innate Abilities, Weirdness & Mutations

You cannot wear most types of armour.
You are very stealthy in the water. (Stealth+)
You are amphibious.
You can wear up to eight rings at the same time.
You can use your tentacles to constrict eight enemies at once.
Your skin changes colour to match your surroundings (Stealth+).
Your rubbery body absorbs attacks. (AC +1, EV +1)


Message History

Casting: Sting
Confirm with . or Enter, or press ? or * to list all spells.
Aiming: Sting
Press: ? - help, Shift-Dir - straight line, f/p - leopard gecko
Aim: a leopard gecko (clinging)
You miscast Sting.
Wisps of poison gas drift from your tentacles.
The leopard gecko barely misses you. The leopard gecko bites you.
* * * LOW HITPOINT WARNING * * *
Really attack while wielding your +0 hunting sling?
Okay, then.
Casting: Sting
Confirm with . or Enter, or press ? or * to list all spells.
Aiming: Sting
Press: ? - help, Shift-Dir - straight line, f/p - leopard gecko
Aim: a leopard gecko (clinging)
The sting misses the leopard gecko.
The leopard gecko misses you. The leopard gecko bites you.
You die...

#.######..)...#
#.##.###......#
#.##..........#
#.##########.....
#..........######
###.######.######.#.
#...#.#.........#.
##..#.#..#.######
##.#.#.##@#
#.#.#.##l#
#)#.#.##.#
#)#.#.##.#
#.#.#.##.#
#.#.#.##.#
##.#.#.##'#
#..#.#.......#
#..#.#.........#


You could see a leopard gecko.

Vanquished Creatures
  2 goblins (D:1)
  2 hobgoblins (D:1)
  2 kobolds (D:1)
  2 bats (D:1)
  A frilled lizard (D:1)
9 creatures vanquished.

Notes
Turn   | Place    | Note
-------+----------+-------------------------------------------
     0 | D:1      | Franakus the Octopode Venom Mage began the quest for the Orb.
     0 | D:1      | Reached XP level 1. HP: 11/11 MP: 3/3
    85 | D:1      | Reached skill level 5 in Poison Magic
   168 | D:1      | Reached XP level 2. HP: 7/17 MP: 5/5
   230 | D:1      | Slain by a leopard gecko

Skill      XL: |  1 |
---------------+----+-----
Poison Magic   | 5 |  5.2
Slings         | |  0.2
Dodging        | |  2.2
Stealth        | |  2.6
Spellcasting   | |  2.0
Conjurations   | |  0.2

Action                   || total
-------------------------++-------
Melee: Short sword       ||    13
       Constrict         ||     3
       Tentacles         ||     2
 Fire: Hunting sling     ||     2
 Cast: Sting             ||    11
Armor: Skin              ||     2
Dodge: Dodged            ||     9
